 Dungeon Crawl Stone Soup version 0.27-a0-1206-g6342a01c75 (webtiles) character file.

Game seed: 14190824550004389666

223 Glokmah the Charlatan (level 5, -4/41 (43) HPs)
             Began as a Palentonga Artificer on June 5, 2021.
             Was an Initiate of Hepliaklqana.
             Slain by Grinder (6 damage)
             ... on level 3 of the Dungeon.
             The game lasted 00:06:00 (2392 turns).

Glokmah the Charlatan (Palentonga Artificer)        Turns: 2392, Time: 00:06:01

HP:   -4/41 (43)    AC:  7    Str: 16    XL:     5   Next: 66%
MP:   5/5           EV:  8    Int: 11    God:    Hepliaklqana [......]
Gold: 48            SH:  0    Dex: 11    Spells: 3/4 levels left

rFire    + . .     SeeInvis +   a - +2 mace (venom)
rCold    . . .     Faith    .   (no shield)
rNeg     . . .     Spirit   .   g - +0 ring mail
rPois    .         Reflect  .   r - +0 helmet
rElec    .         Harm     .   h - +0 cloak
rCorr    .         Rampage  .   (no gloves)
Will     .....                  (no barding)
Stlth    +.........             (no amulet)
HPRegen  0.13/turn              p - ring of protection from fire
MPRegen  0.09/turn              (no ring)

@: lightly drained
A: large, rugged brown scales 3, see invisible, deformed body, roll 1, armoured
tail
a: Rolling Charge, Renounce Religion


You were on level 3 of the Dungeon.
You worshipped Hepliaklqana.
Hepliaklqana was noncommittal.
You visited 1 branch of the dungeon, and saw 3 of its levels.

You collected 48 gold pieces.

Inventory:

Hand Weapons
 a - a +2 mace of venom (weapon)
 o - a +0 dagger of venom
Armour
 g - a +0 ring mail (worn)
 h - a +0 cloak (worn)
 r - a +0 helmet (worn)
Jewellery
 p - a ring of protection from fire (left hand)
Wands
 c - a wand of flame (10)
 d - a wand of charming (13)
 m - a wand of iceblast (9)
Scrolls
 b - 3 scrolls of identify {unknown}
 i - a scroll of fog {unknown}
 j - 2 scrolls of amnesia {unknown}
 n - a scroll of vulnerability {unknown}
Potions
 f - 4 potions of heal wounds {unknown}
 k - 2 potions of curing
 l - a potion of attraction {unknown}
 q - a potion of brilliance {unknown}
 s - a potion of invisibility {unknown}
Miscellaneous
 e - a piece from Xom's chessboard (11/15)


   Skills:
 + Level 3.3 Fighting
 - Level 1.5 Armour
 - Level 0.7 Dodging
 - Level 0.5 Stealth
 + Level 0.0 Spellcasting
 * Level 0.0 Transmutations
 * Level 5.0 Evocations


You had 3 spell levels left.
You knew the following spells:

 Your Spells              Type           Power      Damage    Failure   Level
a - Beastly Appendage     Tmut           0%         N/A       54%         1

Your spell library contained the following spells:

 Spells                   Type           Power      Damage    Failure   Level
 Wereblood                Tmut           0%         N/A       69%         2
 Spider Form              Tmut/Pois      0%         N/A       89%         3
 Ice Form                 Ice/Tmut       0%         N/A       100%        4
 Hydra Form               Tmut           0%         N/A       100%        5


Dungeon Overview and Level Annotations

Branches:
Dungeon (3/15)

Altars:
Hepliaklqana
Qazlal

Shops:
D:1 ?

Annotations:
D:3 Grinder


Innate Abilities, Weirdness & Mutations

You are completely covered in rugged brown scales. (AC +3, +7% HP)
You have supernaturally acute eyesight. (SInv)
Armour fits poorly on your strangely shaped body.
You can roll at nearby foes to attack.
You have a long armoured tail.


Message History

You shrug off the repeated paralysis!
Grinder hits you but does no damage. x2
Grinder gestures at you. You resist with significant effort.
You can move again.
You make a move on Xom's chessboard...
Grinder flickers and vanishes for a moment.
Grinder blinks!
You make a move on Xom's chessboard...
Grinder seems to speed up.
You see here a +0 short sword.
Grinder gestures at you. Pain shoots through your body!
Grinder gestures at you.
You suddenly lose the ability to move!
Grinder seems to return to her normal shape.
Grinder blinks!
The frilled lizard hisses angrily.
Grinder hits you!
* * * LOW HITPOINT WARNING * * *
You writhe in agony.
* * * LOW HITPOINT WARNING * * *
Grinder gestures at you.
You shrug off the repeated paralysis!
Grinder hits you but does no damage.
You can move again.
Aiming: Charm
Press: ? - help, Shift-Dir - straight line, f - Grinder
Aim: Grinder (moderately wounded, fast, slightly transparent, chance to affect: 61%) Grinder resists with significant effort.
Grinder hits you.
* * * LOW HITPOINT WARNING * * *
The frilled lizard closely misses you. Grinder barely misses you.
Aiming: Charm
Press: ? - help, Shift-Dir - straight line, f/p - Grinder
Aim: Grinder (moderately wounded, fast, slightly transparent, chance to affect: 61%) Grinder resists with significant effort.
Grinder hits you.
* * * LOW HITPOINT WARNING * * *
You writhe in agony.
You die...

... # #.#
#.#.#
#.#.###
#.....#
###.#.#
#.#.#
#l#.#
#@#.#
#####5#.#
#.......#
#
#.###.###
#)# #.#
#.# #.#
..>


You could see Grinder (fast, invisible) and a frilled lizard.

Vanquished Creatures
  Sigmund (D:2)
  Robin (D:2)
  A gnoll (D:1)
  2 dart slugs
  2 ball pythons
  6 bats
  2 endoplasms
  11 goblins
  4 hobgoblins
  5 kobolds
  3 quokkas (D:1)
  3 frilled lizards (D:1)
  A rat (D:2)
42 creatures vanquished.

Notes
Turn   | Place    | Note
-------+----------+-------------------------------------------
     0 | D:1      | Glokmah the Palentonga Artificer began the quest for the
                  | Orb.
     0 | D:1      | Reached XP level 1. HP: 16/16 MP: 1/1
   132 | D:1      | Found a stormy altar of Qazlal.
   267 | D:1      | Reached skill level 3 in Evocations
   267 | D:1      | Reached XP level 2. HP: 22/22 MP: 2/2
   400 | D:1      | Found Atenusk's Magic Scroll Shoppe.
   542 | D:1      | Reached XP level 3. HP: 21/28 MP: 3/3
   833 | D:2      | Noticed Sigmund
  1261 | D:2      | Noticed Robin
  1664 | D:2      | Killed Robin
  1678 | D:2      | HP: 1/23 [frozen (2)]
  1679 | D:2      | Killed Sigmund
  1680 | D:2      | Reached skill level 5 in Evocations
  1680 | D:2      | Reached XP level 4. HP: 2/37 MP: 4/4
  1680 | D:2      | Reached XP level 5. HP: 2/43 MP: 5/5
  2042 | D:2      | Learned a level 1 spell: Beastly Appendage
  2146 | D:2      | Found a hazy altar of Hepliaklqana.
  2154 | D:2      | Became a worshipper of Hepliaklqana the Forgotten
  2356 | D:3      | Noticed Grinder
  2363 | D:3      | Paralysed by Grinder for 7 turns
  2371 | D:3      | Paralysed by Grinder for 7 turns
  2385 | D:3      | Paralysed by Grinder for 6 turns
  2392 | D:3      | HP: 2/41 [Grinder (6)]
  2392 | D:3      | Slain by Grinder

Illustrated notes

Levels and vault maps discovered:
D:1:      sevenhm_arrival_forest_fort_small_6, layout_rooms, serial_shops, shop
D:2:      layout_rooms, basic_altar, kennysheep_generic_room_15, uniq_sigmund,
          uniq_robin
D:3:      minmay_chambers_of_twos, layout_loops_ring, nzn_wu_jian_council_hall,
          serial_shops, shop_statue, minmay_misc_feat_rugged, uniq_grinder,
          uniq_ijyb

Skill      XL: |  1  2  3 |
---------------+----------+-----
Evocations     | 3 5 |  5.0
Fighting       | 3 |  3.3
Armour         | |  1.5
Dodging        | |  0.7
Stealth        | |  0.5

Action                   |  1- 3 |  4- 6 || total
-------------------------+-------+-------++-------
Melee: Club              |    19 |       ||    19
       Tailslap          |     7 |     1 ||     8
       Spear             |    67 |       ||    67
       Mace              |    21 |     7 ||    28
       Dagger            |     2 |       ||     2
 Abil: Rolling Charge    |     8 |       ||     8
Evoke: Wand              |     5 |     2 ||     7
       Piece from Xom's  |     2 |     4 ||     6
  Use: Potion            |     1 |       ||     1
Armor: Leather armour    |    10 |       ||    10
       Ring mail         |    42 |     8 ||    50
Dodge: Dodged            |    61 |     2 ||    63

Table legend: (Time is in decaauts)
 A = Elapsed time spent in this place.
 B = Non-inter-level travel time spent in this place.
 C = Inter-level travel time spent in this place.
 D = Time resting spent in this place.
 E = Time spent auto-exploring this place.
 F = Levels seen in this place.
 G = Mean time per level.
                   A        B        C        D        E       F      G
               +--------+--------+--------+--------+--------+-----+--------+
         Total |   2419 |   2306 |    113 |    857 |    799 |   3 |  806.3 |
       Dungeon |   2419 |   2306 |    113 |    857 |    799 |   3 |  806.3 |
               +--------+--------+--------+--------+--------+-----+--------+

Top non-repeatable levels by time:
     D:1: 1260 daAuts
     D:2: 1098 daAuts
     D:3: 61 daAuts
